 Dungeon Crawl Stone Soup version 0.25-a0-1104-g1bb6b8da34 (webtiles) character file.

Game seed: 22993906150874480, levelgen mode: deterministic

15609 Konserwa the Geomancer (level 12, -1/72 HPs)
             Began as a Gargoyle Earth Elementalist on May 15, 2020.
             Was an Elder of Vehumet.
             Slain by a death knight
             ... wielding a +0 glaive
              (20 damage)
             ... on level 11 of the Dungeon on May 16, 2020.
             The game lasted 00:32:11 (15574 turns).

Konserwa the Geomancer (GrEE)                      Turns: 15574, Time: 00:32:11

Health: -1/72      AC: 17    Str: 12    XL:     12   Next: 28%
Magic:  13/32      EV: 14    Int: 19    God:    Vehumet [****..]
Gold:   2052       SH:  0    Dex: 10    Spells: 11/26 levels left

rFire    + . .     SeeInvis .   v - +2 dagger (elec)
rCold    . . .     Gourm    .   (no shield)
rNeg     + . .     Faith    .   u - +2 robe {rF+}
rPois    ∞         Spirit   .   B - +1 helmet
rElec    +         Reflect  .   y - scarf {repulsion}
rCorr    .         Harm     .   (no gloves)
MR       .....     Rnd*Rage +   (no boots)
Stlth    ++........             (no amulet)
HPRegen  0.22/turn              f - ring of wizardry
MPRegen  0.23/turn              n - ring of magical power

@: repel missiles
A: molten scales 1, berserk 1, dopey 1, negative energy resistance 1, screaming
1, electricity resistance, unbreathing, petrification resistance, rot immunity,
AC +8
a: Renounce Religion


You were on level 11 of the Dungeon.
You worshipped Vehumet.
Vehumet was greatly pleased with you.
You were hungry.

You visited 2 branches of the dungeon, and saw 13 of its levels.
You also visited: Sewer and Ossuary.

You collected 2052 gold pieces.

Inventory:

Hand Weapons
 v - a +2 dagger of electrocution (weapon)
 w - a cursed +3 dire flail
 G - a +0 morningstar
Missiles
 b - 44 stones (quivered)
 g - 9 silver javelins
 D - 2 throwing nets
Armour
 e - a +2 leather armour of cold resistance
 u - a +2 robe of fire resistance (worn)
 y - a scarf of repulsion (worn)
 B - a +1 helmet (worn)
Jewellery
 f - a ring of wizardry (left hand)
 m - an uncursed ring of ice
 n - a ring of magical power (right hand)
 o - an uncursed ring of wizardry
Wands
 a - a wand of digging (5)
 l - a wand of disintegration (13)
 q - a wand of enslavement (6)
 A - a wand of iceblast (2)
 I - a wand of polymorph (5)
Scrolls
 p - 3 scrolls of teleportation
 t - 3 scrolls of fog
 H - a scroll of immolation
Potions
 c - 6 potions of curing
 h - 7 potions of flight
 i - 2 potions of stabbing
 j - 5 potions of lignification
 k - 3 potions of resistance
 r - a potion of invisibility
 s - 4 potions of brilliance
 z - a potion of haste
 C - 2 potions of heal wounds
 J - a potion of cancellation
 K - a potion of might
Miscellaneous
 E - a box of beasts
Comestibles
 d - 22 rations
 x - 11 chunks of flesh


   Skills:
 + Level 7.0 Fighting
 + Level 6.3 Maces & Flails
 - Level 6.0 Armour
 + Level 5.5 Dodging
 - Level 2.1 Stealth
 + Level 7.9 Spellcasting
 + Level 8.2 Conjurations
 - Level 0.7 Transmutations
 + Level 10.5 Earth Magic
 + Level 5.7 Evocations


You had 11 spell levels left.
You knew the following spells:

 Your Spells              Type           Power        Failure   Level  Hunger
a - Sandblast             Erth           #####.       1%          1    None
b - Stone Arrow           Conj/Erth      #####.       1%          3    None
c - Lee's Rapid Deconstr  Erth           #####.....   1%          5    #####..
d - Apportation           Tloc           #.....       4%          1    None
e - Irradiate             Conj/Tmut      ###.......   4%          5    #####..

Your spell library contained the following spells:

 Spells                   Type           Power        Failure   Level  Hunger
 Airstrike                Air            #.........   11%         4    ###....
 Freeze                   Ice            #...         1%          1    None
 Passwall                 Tmut/Erth      ####....     1%          2    None
 Dazzling Flash           Conj/Hex       ###...       1%          3    None
 Hailstorm                Conj/Ice       ###.....     2%          4    ###....
 Frozen Ramparts          Ice            #.....       3%          3    None
 Petrify                  Tmut/Erth      ####....     3%          4    ###....
 Animate Skeleton         Necr           N/A          4%          1    None
 Corona                   Hex            #......      4%          1    None
 Summon Small Mammal      Summ           #...         4%          1    None
 Ensorcelled Hibernation  Hex/Ice        #.....       6%          2    None
 Confusing Touch          Hex            #.......     12%         3    None
 Ozocubu's Armour         Chrm/Ice       #.......     12%         3    None
 Tukima's Dance           Hex            #.......     12%         3    None
 Summon Ice Beast         Ice/Summ       #.......     34%         4    ###....
 Hydra Form               Tmut           ##........   98%         6    ######.
 Dragon Form              Tmut           ##........   100%        7    #######
 Statue Form              Tmut/Erth      Unusable     N/A         6    N/A

Dungeon Overview and Level Annotations

Branches:
Dungeon (12/15)            Temple (1/1) D:6            Lair (0/6) D:11
  Sewer (visited)         Ossuary (visited)
    Orc: D:9-12

Altars:
Ashenzari
Dithmenos
Fedhas
Gozag
Hepliaklqana
Makhleb
Qazlal
Ru
Sif Muna
Trog
Uskayaw
Vehumet
Xom
Yredelemnul
Zin
The Shining One

Shops:
D:9 (   D:10 *


Innate Abilities, Weirdness & Mutations

You are resistant to torment.
Your stone body is resilient. (AC +8)
You are immune to poison.
You resist negative energy. (rN+)
You are resistant to electric shocks. (rElec)
You can survive without breathing.
You are immune to petrification.
You are immune to rotting.
You are partially covered in molten scales. (AC +2)
You tend to lose your temper in combat.
You are dopey. (Int -2)
You occasionally shout uncontrollably at your foes.


Message History

The wall shatters!
The blast of rock fragments hits the death knight.
The death knight is severely wounded.
The blast of rock fragments hits the skeletal warrior!
The skeletal warrior is moderately damaged.
The death knight reflects your damage back at you!
* * * LOW HITPOINT WARNING * * *
The death knight hits you but does no damage.
The skeletal warrior completely misses you.
Unknown command.
As you read the scroll of fog, it crumbles to dust.
The scroll dissolves into smoke.
The skeletal warrior closely misses you.
The death knight hits you from afar with a +0 glaive!!
* * * LOW HITPOINT WARNING * * *
You feel much better.
The skeletal warrior hits you with a +0 short sword.
* * * LOW HITPOINT WARNING * * *
The death knight hits you from afar with a +0 glaive!!
You die...

...#
#...##.......#
####
###..'.......#
####>......# #
#.....|(# ##
######§## .#
#§# .# #p#
####### #z#
#.....# ##@#
#....(# #§§#
'..8..# #§##
'.....# ###.#
'.....# #...#
#.....# ##.###
#.....# #..#
####### #.##
#'### ####.#


You could see a death knight (reflects damage) and a skeletal warrior.

Vanquished Creatures
  Harold (D:8)
  3 two-headed ogres
  The ghost of WobbleTop the Covert, a journeyman VSEn of Sif Muna (D:11)
  An oklob plant (D:11)
  A merfolk (D:10)
  2 hornets
  Grinder (D:3)
  4 hippogriffs
  Sigmund (D:3)
  2 wyverns (D:11)
  16 yaks
  2 hungry ghosts (D:11)
  Duvessa (D:7)
  A water moccasin (D:12)
  3 orc warriors
  2 eyes of draining (D:11)
  4 sky beasts
  A black bear (D:8)
  5 ice beasts
  4 ogres
  4 phantoms
  A boggart (D:11)
  7 centaurs
  2 big kobolds
  4 bullfrogs
  3 water moccasin zombies (Ossuary)
  5 scorpions
  A wyvern skeleton (D:10)
  Dowan (D:7)
  8 killer bees
  5 wights (D:6)
  6 howler monkeys
  2 jellies
  3 centaur zombies
  3 crimson imps
  3 bullfrog zombies
  A quasit (D:9)
  4 hounds
  8 orc priests
  3 centaur skeletons
  A bullfrog skeleton (D:6)
  Natasha (thrice) (D:3)
  5 iguanas
  13 orc wizards
  9 worker ants
  2 big kobold zombies (Ossuary)
  3 hound zombies
  2 mummies (Ossuary)
  A worker ant zombie (D:9)
  A howler monkey skeleton (D:6)
  A river rat (D:4)
  14 adders
  An ooze (D:1)
  4 adder zombies
  2 adder skeletons
  4 worms
  3 dart slugs
  9 leopard geckos
  44 orcs
  A ball python (D:1)
  7 giant cockroaches
  5 goblins
  9 hobgoblins
  9 jackals
  6 quokkas
  8 bats
  8 frilled lizards
  2 goblin zombies (D:6)
  7 hobgoblin zombies (Ossuary)
  A jackal skeleton (D:5)
  2 jackal zombies
  13 kobolds
  6 kobold zombies (Ossuary)
  5 orc zombies (Ossuary)
  A quokka zombie (D:5)
  14 rats
  A spectral orc (D:5)
357 creatures vanquished.

Notes
Turn   | Place    | Note
-------+----------+-------------------------------------------
     0 | D:1      | Konserwa the Gargoyle Earth Elementalist began the quest
                  | for the Orb.
     0 | D:1      | Reached XP level 1. HP: 10/10 MP: 3/3
   446 | D:1      | Reached XP level 2. HP: 15/15 MP: 5/5
   457 | D:1      | Reached skill level 4 in Earth Magic
   894 | D:1      | Reached XP level 3. HP: 14/19 MP: 4/7
  1776 | D:2      | Reached XP level 4. HP: 20/24 MP: 5/8
  1852 | D:2      | Reached skill level 5 in Earth Magic
  2395 | D:3      | Learned a level 3 spell: Stone Arrow
  2471 | D:3      | Noticed Natasha
  2485 | D:3      | Killed Natasha
  2485 | D:3      | Reached XP level 5. HP: 28/28 MP: 4/10
  2519 | D:3      | Noticed Sigmund
  2525 | D:3      | Noticed Natasha
  2528 | D:3      | Killed Natasha
  2528 | D:3      | Reached skill level 1 in Conjurations
  2801 | D:3      | Noticed Grinder
  2803 | D:3      | Paralysed by Grinder for 3 turns
  2811 | D:3      | Killed Grinder
  2811 | D:3      | Reached skill level 6 in Earth Magic
  2811 | D:3      | Reached XP level 6. HP: 29/32 MP: 5/12
  2841 | D:3      | Noticed Natasha
  2850 | D:3      | Killed Natasha
  2889 | D:3      | Learned a level 5 spell: Lee's Rapid Deconstruction
  2916 | D:3      | Reached XP level 7. HP: 28/36 MP: 11/13
  3012 | D:3      | Found a faded altar of an unknown god.
  3702 | D:3      | Killed Sigmund
  3702 | D:3      | Reached skill level 5 in Spellcasting
  3702 | D:3      | Reached skill level 7 in Earth Magic
  4064 | D:3      | Found a faded altar of an unknown god.
  4439 | D:4      | Found a glowing drain.
  4449 | Sewer    | Entered a sewer
  4690 | Sewer    | Found a white marble altar of Elyvilon.
  4865 | D:4      | Reached XP level 8. HP: 27/42 MP: 11/15
  5262 | D:4      | Found a shattered altar of Ashenzari.
  5319 | D:4      | Reached skill level 1 in Fighting
  5319 | D:4      | Reached skill level 1 in Armour
  5442 | D:5      | Entered Level 5 of the Dungeon
  5541 | D:5      | You fall into a shaft and drop 1 floor!
  5544 | D:6      | Reached skill level 1 in Maces & Flails
  5590 | D:6      | Reached skill level 1 in Evocations
  5823 | D:6      | Found a sand-covered staircase.
  5832 | Ossuary  | Entered an ossuary
  5938 | Ossuary  | Reached skill level 5 in Conjurations
  6391 | Ossuary  | Reached XP level 9. HP: 49/49 MP: 14/17
  6515 | D:6      | Found a staircase to the Ecumenical Temple.
  6530 | Temple   | Entered the Ecumenical Temple
  6568 | Temple   | Became a worshipper of Vehumet
  6728 | D:5      | Reached skill level 8 in Earth Magic
  6895 | D:5      | Gained mutation: You are dopey. (Int -2) [potion of
                  | mutation]
  6895 | D:5      | Gained mutation: You occasionally shout uncontrollably at
                  | your foes. [potion of mutation]
  6895 | D:5      | Gained mutation: You tend to lose your temper in combat.
                  | [potion of mutation]
  6895 | D:5      | Gained mutation: You are partially covered in molten
                  | scales. (AC +2) [potion of mutation]
  7363 | D:5      | Found a blossoming altar of Fedhas.
  7574 | D:5      | Found a bloodstained altar of Trog.
  7583 | D:5      | Found a basalt altar of Yredelemnul.
  7907 | D:6      | Reached * piety under Vehumet
  7907 | D:6      | Offered knowledge of Shock by Vehumet.
  8179 | D:6      | Found a shimmering altar of Xom.
  8717 | D:7      | Found a shimmering altar of Xom.
  8980 | D:7      | Reached XP level 10. HP: 46/56 MP: 19/19
  9004 | D:7      | Noticed Dowan
  9012 | D:7      | Killed Dowan
  9186 | D:7      | Noticed Duvessa
  9202 | D:7      | Killed Duvessa
  9686 | D:7      | Learned a level 1 spell: Apportation
  9913 | D:8      | Offered knowledge of Searing Ray by Vehumet.
 10063 | D:8      | Noticed Harold
 10067 | D:8      | Reached ** piety under Vehumet
 10080 | D:8      | Killed Harold
 10359 | D:8      | Reached skill level 9 in Earth Magic
 10540 | D:8      | Found a glowing golden altar of the Shining One.
 10840 | D:9      | Reached skill level 5 in Fighting
 11043 | D:9      | Found Geximmu's Weapon Emporium.
 11104 | D:9      | Found an opulent altar of Gozag.
 11209 | D:9      | Reached skill level 5 in Armour
 11415 | D:10     | Entered Level 10 of the Dungeon
 11511 | D:10     | Reached XP level 11. HP: 46/64 MP: 15/21
 11529 | D:10     | Offered knowledge of Ignite Poison by Vehumet.
 11593 | D:10     | Reached skill level 5 in Maces & Flails
 11646 | D:10     | Reached *** piety under Vehumet
 12070 | D:10     | Found Nievanunky's Assorted Antiques.
 12284 | D:10     | Noticed a two-headed ogre
 12292 | D:10     | Killed a two-headed ogre
 13096 | D:11     | Noticed an oklob plant
 13232 | D:11     | Offered knowledge of Static Discharge by Vehumet.
 13232 | D:11     | Reached skill level 5 in Evocations
 13319 | D:11     | Reached skill level 5 in Dodging
 13401 | D:11     | Reached skill level 10 in Earth Magic
 13575 | D:11     | Found a runed translucent gate.
 13575 | D:11     | Found a runed translucent gate.
 13575 | D:11     | Found a runed translucent gate.
 13580 | D:11     | Noticed WobbleTop's ghost (journeyman VSEn)
 13588 | D:11     | Killed WobbleTop's ghost
 13895 | D:11     | Reached **** piety under Vehumet
 13919 | D:11     | Found a staircase to the Lair.
 13928 | D:11     | Killed an oklob plant
 14151 | D:11     | Identified a scroll of acquirement
 14377 | D:12     | Reached XP level 12. HP: 62/71 MP: 23/23
 14638 | D:12     | Offered knowledge of Airstrike by Vehumet.
 14645 | D:12     | Learned a level 5 spell: Irradiate
 15000 | D:12     | Noticed a two-headed ogre
 15006 | D:12     | Killed a two-headed ogre
 15131 | D:12     | Noticed a death knight
 15251 | D:11     | Upgraded the game from 0.25-a0-1078-gea6e5d949a to
                  | 0.25-a0-1104-g1bb6b8da34
 15283 | D:12     | Noticed a two-headed ogre
 15288 | D:12     | Killed a two-headed ogre
 15571 | D:11     | HP: 2/72 [death knight/+0 glaive (20)]
 15574 | D:11     | Slain by a death knight

Illustrated notes

Levels and vault maps discovered:
D:1:      dpeg_arrival_round_c, layout_loops_ring
D:2:      layout_loops_ring, minmay_domino_2
D:3:      layout_loops_cross, chequers_ecumenical_altar_simple_redux,
          uniq_grinder, uniq_sigmund, uniq_natasha
D:4:      layout_rooms, old_standard_altar, first_ration,
          gup_sewer_entry_bubbles
D:5:      cheibrodos_barr_body, layout_loops_ring,
          yredelemnul_forgotten_temple_becter, bloody_trog,
          fedhas_altar_fruit_tree
D:6:      layout_loops_corners, minmay_temple_entry_mini_moons, enter_ossuary_4,
          basic_altar
D:7:      layout_basic, basic_altar, minmay_misc_feat_secret_circle,
          uniq_duvessa
D:8:      layout_cave_pools, nicolae_overflow_crystal_walls, uniq_harold
D:9:      layout_rooms, marbit_many_paths, serial_shops, shop
D:10:     layout_irregular_city, serial_shops,
          nicolae_shop_competitors_out_of_business, hangedman_fish_farm
D:11:     layout_roguey, dpeg_oklobed_lair, ebering_ghost_rock_garden,
          kennysheep_generic_room_12
D:12:     layout_gridville, minmay_orc_entry_guard_dogs
Temple:   nicolae_temple_elliptical

Skill      XL: |  1  2  3  4  5  6  7  8  9 10 11 12 |
---------------+-------------------------------------+-----
Earth Magic    | 4 5 6 7 8 9 10 | 10.5
Spellcasting   | 3 4 5 6 7 |  7.9
Conjurations   | 2 3 4 5 6 7 8 |  8.2
Fighting       | 2 4 5 6 7 |  7.0
Armour         | 2 3 5 6 |  6.0
Dodging        | 2 3 4 5 |  5.5
Maces & Flails | 2 3 4 5 6 |  6.3
Evocations     | 2 3 4 5 |  5.7
Stealth        | |  2.1
Transmutations | |  0.7

Action                   |  1- 3 |  4- 6 |  7- 9 | 10-12 || total
-------------------------+-------+-------+-------+-------++-------
Melee: Short sword       |    79 |    66 |   253 |       ||   398
       Unarmed           |     3 |       |       |       ||     3
       Dagger            |       |       |   269 |   251 ||   520
Throw: Javelin           |     1 |       |       |       ||     1
 Cast: Sandblast         |    27 |    36 |   115 |   150 ||   328
       Lee's Rapid Decon |       |       |     5 |    35 ||    40
       Stone Arrow       |       |       |       |    18 ||    18
Evoke: Wand              |       |       |       |    18 ||    18
  Use: Scroll            |       |     2 |    12 |    16 ||    30
       Potion            |       |       |     3 |     3 ||     6
 Stab: Sleeping          |     5 |     2 |     3 |       ||    10
       Distracted        |       |       |       |     1 ||     1
  Eat: Chunk             |     3 |     4 |    18 |    19 ||    44
       Ration            |       |       |     1 |     3 ||     4
Armor: Robe              |    25 |    25 |   270 |   195 ||   515
Dodge: Dodged            |    67 |    58 |   352 |   250 ||   727
       Repelled          |       |       |       |     5 ||     5

Table legend:
 A = Non-vault XP
 B = Vault XP
 C = Vault XP percentage of total XP
 D = Non-vault monster count
 E = Vault monster count
 F = Vault count percentage of total count
                 A         B        C        D         E       F
            +---------+---------+-------+---------+---------+-------
      Total |   17539 |    4760 |  21.3 |     288 |      69 |  19.3
            +---------+---------+-------+---------+---------+-------
        D:1 |      48 |       0 |   0.0 |      26 |       0 |   0.0
        D:2 |      85 |      14 |  14.1 |      20 |       2 |   9.1
        D:3 |     309 |     537 |  63.5 |      38 |       3 |   7.3
        D:4 |     307 |      39 |  11.3 |      11 |       6 |  35.3
        D:5 |     303 |     586 |  65.9 |       6 |      13 |  68.4
        D:6 |    1253 |       2 |   0.2 |      32 |       2 |   5.9
        D:7 |     841 |     231 |  21.5 |      23 |       2 |   8.0
        D:8 |     823 |     950 |  53.6 |      19 |       1 |   5.0
        D:9 |    1858 |       0 |   0.0 |      21 |       0 |   0.0
       D:10 |    5086 |     317 |   5.9 |      37 |       1 |   2.6
       D:11 |    2956 |    1619 |  35.4 |      33 |       3 |   8.3
       D:12 |    3670 |       0 |   0.0 |      22 |       0 |   0.0
      Sewer |       0 |     112 | 100.0 |       0 |       9 | 100.0
    Ossuary |       0 |     353 | 100.0 |       0 |      27 | 100.0
            +---------+---------+-------+---------+---------+-------
